 Dungeon Crawl Stone Soup version 0.28.0 (webtiles) character file.

Game seed: 6609295987648389574

47 diecastcamel the Skirmisher (level 3, -6/33 HPs)
             Began as a Minotaur Fighter on Feb 16, 2022.
             Was an Initiate of the Shining One.
             Killed from afar by an orc wizard (10 damage)
             ... with a puff of flame
             ... on level 3 of the Dungeon.
             The game lasted 00:08:12 (2126 turns).

diecastcamel the Skirmisher (Minotaur Fighter)      Turns: 2126, Time: 00:08:12

Health: -6/33      AC:  9    Str: 22    XL:     3   Next: 48%
Magic:  2/2        EV:  9    Int: 11    God:    the Shining One [......]
Gold:   82         SH:  4    Dex:  9    Spells: 2/2 levels left

rFire   . . .      SeeInvis .   a - +0 war axe
rCold   . . .      Faith    .   c - +0 buckler
rNeg    . . .      Spirit   .   b - +0 scale mail
rPois   .          Reflect  .   (helmet restricted)
rElec   .          Harm     .   (no cloak)
rCorr   .          Rampage  .   f - +0 pair of gloves
Will    .....                   g - +0 pair of boots
Stlth   ..........              (no amulet)
HPRegen 0.11/turn               j - +6 ring of intelligence
MPRegen 0.08/turn               (no ring)

@: glowing
A: horns 2, retaliatory headbutt
a: Renounce Religion


You were on level 3 of the Dungeon.
You worshipped the Shining One.
The Shining One was noncommittal.
You visited 1 branch of the dungeon, and saw 3 of its levels.

You collected 82 gold pieces.

Inventory:

Hand Weapons
 a - a +0 war axe (weapon)
Missiles
 s - 6 curare-tipped darts (quivered)
Armour
 b - a +0 scale mail (worn)
 c - a +0 buckler (worn)
 f - a +0 pair of gloves (worn)
 g - a +0 pair of boots (worn)
Jewellery
 j - a +6 ring of intelligence (left hand)
Scrolls
 e - a scroll of fog {unknown}
 h - a scroll of teleportation {unknown}
 k - a scroll of fear
 l - a scroll of identify {unknown}
 m - a scroll of amnesia {unknown}
 n - a scroll of enchant armour {unknown}
 q - a scroll of noise {unknown}
 r - a scroll of immolation
Potions
 d - a potion of might
 i - 2 potions of attraction {unknown}
 o - a potion of flight {unknown}
 p - a potion of brilliance {unknown}


   Skills:
 + Level 4.1 Fighting
 * Level 3.5 Axes
 + Level 4.0 Armour
 + Level 4.1 Shields


You had 2 spell levels left.
You didn't know any spells.
Your spell library contained the following spells:

 Spells                   Type           Power      Damage    Failure   Level
 Summon Guardian Golem    Hex/Summ       0%         N/A       98%         3
 Orb of Destruction       Conj           0%         9d5       100%        7
 Spellforged Servitor     Conj/Summ      0%         N/A       100%        7


Dungeon Overview and Level Annotations

Branches:
Dungeon (3/15)

Altars:
The Shining One


Innate Abilities, Weirdness & Mutations

You have a pair of horns on your head.
You reflexively headbutt those who attack you in melee.


Message History

No target in view!
No target in view!
No target in view!
You closely miss something. Something hits you but does no damage.
You miss something. Something hits you but does no damage.
You miss something. Your headbutt misses something.
Something hits you but does no damage. Something hits you.
You hit something. Your headbutt misses something.
Something hits you but does no damage.
You closely miss something. Something hits you but does no damage.
You miss something. You headbutt something.
Something hits you but does no damage.
You hear some strange, mumbled words.
A puff of flame appears from out of thin air!
The puff of flame hits you!
You closely miss something. Something hits you but does no damage.
You completely miss something.
You hear some strange, mumbled words.
You are confused.
Found a stone staircase leading down.
Something hits you but does no damage.
You hit something. Something hits you but does no damage.
You hear some strange, mumbled words.
A magic dart appears from out of thin air!
The magic dart hits you! Something hits you.
You hear some strange, mumbled words.
A puff of flame appears from out of thin air!
The puff of flame hits you!
* * * LOW HITPOINT WARNING * * *
You hear some strange, mumbled words.
A puff of flame appears from out of thin air!
The puff of flame hits you! The Shining One protects you from harm!
You feel less confused. Something completely misses you.
You block something's attack.
You hear some strange, mumbled words.
A puff of flame appears from out of thin air!
The puff of flame hits you!
You die...

#...... ##########
.........# #######...##...#
.........###....##...##...#
...........#....##........#
.>.........+....++........+
#..........#....##........#
#.......))†##..)###.....###
.........).''...'.'.....'.'
##......@##...###.....###
#.....{.##...# ###..## #
##########...# ##.# # #####
#.# ♣.♣ ♣.. ♣♣♣


There were no monsters in sight!

Vanquished Creatures
  2 dart slugs (D:1)
  3 orcs (D:3)
  3 endoplasms
  2 giant cockroaches
  2 goblins (D:1)
  5 hobgoblins
  A quokka (D:3)
  6 ball pythons
  5 bats
  2 frilled lizards
  4 kobolds
  2 rats
37 creatures vanquished.

Notes
Turn   | Place    | Note
-------+----------+-------------------------------------------
     0 | D:1      | diecastcamel the Minotaur Fighter began the quest for the
                  | Orb.
     0 | D:1      | Reached XP level 1. HP: 19/19 MP: 0/0
   260 | D:1      | Reached XP level 2. HP: 25/27 MP: 1/1
  1216 | D:2      | Reached XP level 3. HP: 33/33 MP: 2/2
  1248 | D:2      | Found a glowing golden altar of the Shining One.
  1918 | D:2      | Became a worshipper of the Shining One
  2122 | D:3      | The Shining One protects you from harm!
  2126 | D:3      | Killed from afar by an orc wizard

Illustrated notes

Levels and vault maps discovered:
D:1:      dpeg_chamrin_arrival_tetris, layout_basic
D:2:      layout_basic, basic_altar, minmay_misc_feat_tower, nrook_mini_vaults
D:3:      kb_forest_paths, layout_basic,
          hellmonk_ecumenical_altar_defaced_shrine, serial_shops,
          nicolae_shop_trees, minmay_misc_feat_hallway

Skill      XL: |  1  2  3 |
---------------+----------+-----
Axes           | 3 |  3.5
Fighting       | 4 |  4.1
Shields        | 4 |  4.1
Armour         | 4 |  4.0

Action                   || total
-------------------------++-------
Melee: War axe           ||    71
       Headbutt          ||    10
  Use: Scroll            ||     2
Armor: Scale mail        ||    43
Dodge: Dodged            ||    26
Block: Buckler           ||    14
